 Dungeon Crawl Stone Soup version 0.21.1-1-g345015f (webtiles) character file.

380 Gorglomux the Skirmisher (level 6, 0/56 HPs)
             Began as a Minotaur Assassin on Feb 7, 2018.
             Slain by an ogre
             ... wielding a +0 giant spiked club
              (31 damage)
             ... on level 4 of the Dungeon on Feb 8, 2018.
             The game lasted 00:02:01 (2682 turns).

Gorglomux the Skirmisher (Minotaur Assassin)        Turns: 2682, Time: 00:02:01

Health: 0/56       AC:  8    Str: 17    XL:     6   Next: 46%
Magic:  5/5        EV: 11    Int:  8    God:
Gold:   185        SH:  0    Dex: 12    Spells: 5/5 levels left

rFire    . . .     SeeInvis .   q - +0 blowgun
rCold    . . .     Gourm    .   (no shield)
rNeg     + . .     Faith    .   I - +0 scale mail
rPois    .         Spirit   .   (helmet restricted)
rElec    .         Reflect  .   d - +0 cloak
rCorr    .         Harm     .   (no gloves)
MR       +....                  (no boots)
Stlth    +.........             (no amulet)
HPRegen  0.18/turn              m - ring of protection from magic
MPRegen  0.09/turn              G - ring of positive energy

@: lethally poisoned (0 -> -3)
A: retaliatory headbutt, horns 2
a: no special abilities


You were on level 4 of the Dungeon.
You were not hungry.

You visited 1 branch of the dungeon, and saw 4 of its levels.

You collected 185 gold pieces.

Inventory:

Hand Weapons
 a - a +2 dagger
 q - a +0 blowgun (weapon)
 H - a +0 hand axe
Missiles
 e - 23 poisoned needles (quivered)
 f - 2 curare-tipped needles
Armour
 d - a +0 cloak (worn)
 I - a +0 scale mail (worn)
Jewellery
 m - a ring of protection from magic (left hand)
 G - a ring of positive energy (right hand)
Scrolls
 t - 2 scrolls of magic mapping {unknown}
 u - 4 scrolls of identify {unknown}
 v - 3 scrolls of amnesia {unknown}
 y - 5 scrolls of teleportation {unknown}
 A - 2 scrolls of random uselessness {unknown}
 B - a scroll of enchant weapon {unknown}
 C - 3 scrolls of remove curse {unknown}
 D - a scroll of fog {unknown}
Potions
 o - a potion of heal wounds
 p - a potion of degeneration {unknown}
 r - a potion of invisibility {unknown}
 w - a potion of flight {unknown}
 x - a potion of resistance {unknown}
 z - a potion of haste {unknown}
 E - 3 potions of curing {unknown}
Comestibles
 g - 4 rations


   Skills:
 + Level 5.1 Fighting
 - Level 2.1 Short Blades
 + Level 1.0 Axes
 - Level 2.0 Throwing
 + Level 4.2 Armour
 + Level 4.2 Dodging
 - Level 3.2 Stealth


You had 5 spell levels left.
You didn't know any spells.

Dungeon Overview and Level Annotations

Branches:
Dungeon (4/15)
 Temple: D:4-7

Altars:
Trog


Innate Abilities, Weirdness & Mutations

You reflexively headbutt those who attack you in melee.
You have a pair of horns on your head.


Message History

The butt hits you but does no damage!
You are poisoned!
You butt the orc butt a sieve!!!
You annihilate the orc!!!
You feel sick! The orc barely misses you!
Your scale mail prevents you from hitting the ogre!
You feel sick! The orc closely misses you!
The ogre hits you with a butt spiked club!!!!!!
Unknown command!
You stick the ogre butt do no damage! The orc barely misses you!
There are monsters nearby!!!
Butt command!
Unknown butt!
You feel sick!
You feel sick!
Wield which item (- for none, * to show all)? (? for menu, Esc to butt)
q - a +0 blowgun (weapon)
The ogre hits you with a giant spiked club!!!!!!
DANG butt

#. #.# #.# #.#
#.# #### #.# .$.
#####.###.#
#....(@Ooo#
#.###)###.......
#.# #.# ..#####
#.###.# ..#
#.....# ..#
#.##### ... #.#
.### #.#######.#
#.........


You could see an ogre and 2 orcs.

Vanquished Creatures
  A scorpion (D:4)
  3 orc priests (D:3)
  Terence (D:2)
  Jessica (D:2)
  Ijyb (D:3)
  A worker ant (D:4)
  3 gnolls (D:3)
  2 adders (D:2)
  A worm (D:2)
  A dart slug (D:1)
  6 leopard geckos
  10 orcs
  7 bats
  3 giant cockroaches (D:1)
  12 goblins
  5 hobgoblins
  3 jackals (D:2)
  4 kobolds
  2 quokkas (D:3)
  2 frilled lizards
  5 rats
74 creatures vanquished.

Notes
Turn   | Place    | Note
-------+----------+-------------------------------------------
     0 | D:1      | Gorglomux the Minotaur Assassin began the quest for the Orb.
     0 | D:1      | Reached XP level 1. HP: 18/18 MP: 0/0
    59 | D:1      | Reached skill level 1 in Armour
    59 | D:1      | Reached XP level 2. HP: 24/25 MP: 1/1
   150 | D:1      | Reached skill level 3 in Fighting
   464 | D:2      | Reached XP level 3. HP: 26/31 MP: 2/2
   529 | D:2      | Found a faded altar of an unknown god.
   548 | D:2      | Noticed Jessica
   551 | D:2      | Killed Jessica
   614 | D:2      | Noticed Terence
   632 | D:2      | Killed Terence
   632 | D:2      | Reached XP level 4. HP: 22/40 MP: 3/3
   855 | D:2      | Reached skill level 3 in Dodging
   882 | D:2      | Found a bloodstained altar of Trog.
   884 | D:2      | Reached skill level 4 in Fighting
  1115 | D:3      | Reached skill level 3 in Armour
  1117 | D:3      | Reached XP level 5. HP: 28/46 MP: 4/4
  1513 | D:3      | Noticed Ijyb
  1544 | D:3      | Killed Ijyb
  1841 | D:3      | Reached XP level 6. HP: 30/55 MP: 5/5
  2435 | D:4      | Reached skill level 5 in Fighting
  2459 | D:4      | Reached skill level 1 in Axes
  2682 | D:4      | Slain by an ogre

Skill      XL: |  1  2  3  4  5  6 |
---------------+-------------------+-----
Armour         | 1 2 3 4 |  4.2
Fighting       | 3 4 5 |  5.1
Dodging        | 2 3 4 |  4.2
Axes           | 1 |  1.0
Short Blades   | |  2.1
Throwing       | |  2.0
Stealth        | |  3.2

Action                   |  1- 3 |  4- 6 || total
-------------------------+-------+-------++-------
Melee: Dagger            |    62 |   117 ||   179
       Headbutt          |     9 |    20 ||    29
 Fire: Blowgun           |       |     7 ||     7
 Stab: Sleeping          |     8 |     9 ||    17
  Eat: Chunk             |       |     6 ||     6
Armor: Robe              |    14 |    11 ||    25
       Scale mail        |       |    11 ||    11
Dodge: Dodged            |    40 |    67 ||   107
